 Dungeon Crawl Stone Soup version 0.19-a0-835-gf140595 (webtiles) character file.

25 Implojin the Chopper (level 2, -1/26 HPs)
             Began as a Minotaur Fighter on June 30, 2016.
             Slain by a goblin
             ... wielding a +0 dagger of electrocution
             ... led by Robin
              (19 damage)
             ... on level 4 of the Dungeon.
             The game lasted 00:01:10 (243 turns).

Implojin the Chopper (Minotaur Fighter)              Turns: 243, Time: 00:01:11

Health: -1/26      AC:  6    Str: 20    XL:     2   Next: 82%
Magic:  1/1        EV:  7    Int:  5    God:
Gold:   53         SH:  9    Dex:  9    Spells: 0 memorised, 1 level left

rFire  . . .     SeeInvis .     a - +0 war axe
rCold  . . .     Gourm    .     b - +0 scale mail
rNeg   . . .     Faith    .     c - +0 shield
rPois  .         Spirit   .     (helmet restricted)
rElec  .         Dismiss  .     (no cloak)
rCorr  .         Reflect  .     (no gloves)
SustAt .         Harm     .     (no boots)
MR     .....                    (no amulet)
Stlth  ..........               (no ring)
                                (no ring)

@: not resistant to hostile enchantments, extremely unstealthy
A: retaliatory headbutt, horns 2
a: no special abilities


You were on level 4 of the Dungeon.
You were not hungry.

You visited 1 branch of the dungeon, and saw 4 of its levels.

You collected 53 gold pieces.

Inventory:

Hand Weapons
 a - a +0 war axe (weapon)
Armour
 b - a +0 scale mail (worn)
 c - a +0 shield (worn)
Scrolls
 e - 2 scrolls of teleportation {unknown}
 h - a scroll of amnesia {unknown}
 i - a scroll of fear {unknown}
 k - a scroll of identify {unknown}
Potions
 d - a potion of might
 j - a potion of lignification {unknown}
Comestibles
 f - 2 bread rations
 g - a meat ration


   Skills:
 - Level 3.6 Fighting
 * Level 4.1 Axes
 - Level 3.6 Armour
 - Level 3.6 Shields


You had one spell level left.
You didn't know any spells.

Dungeon Overview and Level Annotations

Branches:
Dungeon (4/15)
 Temple: D:4-7

Altars:
Uskayaw
Xom

Annotations:
D:4 Robin


Innate Abilities, Weirdness & Mutations

You reflexively headbutt those who attack you in melee.
You have a pair of horns on your head.


Message History

The rat barely misses you. You furiously retaliate!
You headbutt the rat, but do no damage.
The kobold throws a stone.
You block the stone.
Found a scroll labeled SAIFAYTOTO.
Found a stone staircase leading down.
You see here a stone.
You barely miss the rat. You block the rat's attack.
You closely miss the rat. You headbutt the rat.
You kill the rat!
You miss the kobold. The kobold hits you but does no damage.
The kobold hits you with a short sword.
You closely miss the kobold. The kobold hits you but does no damage.
You barely miss the kobold. The kobold hits you with a short sword.
You hit the kobold.
You kill the kobold!
Things that are here:
a short sword; a stone
k - a scroll labeled SAIFAYTOTO
There are no items here.
There is a stone staircase leading down here.
You climb downwards. 3 goblins, a hobgoblin and Robin come into view.
Robin shouts!
The goblin shouts! x3
Found a stone staircase leading down.
There is a stone staircase leading up here.
A goblin comes into view.
Robin throws the goblin at you! 2 goblins come into view.
A goblin is wielding a dagger of electrocution.
The goblin shouts! x3
The goblin wields a hunting sling.
The goblin shoots a stone.
You block the stone. Robin throws the goblin at you!
A hobgoblin comes into view. It is wielding a club.
You see here a stone.
Robin throws the goblin at you!
You closely miss the goblin. x2; You barely miss the goblin.
The goblin unwields an uncursed hunting sling.
You block the goblin's attack. The goblin hits you but does no damage.
You are electrocuted!
Ouch! That really hurt!
You die...

############
#..........#
#..........#
#..g.g.....#
###...@g.....#
.......gg.....#
........g......#
........g......#
.................
..........>......
######..g##g.....
###.. ..#.#. .g
g....


You could see Robin, a hobgoblin and 7 goblins.

Vanquished Creatures
  An orc (D:3)
  A bat (D:2)
  A goblin (D:2)
  2 hobgoblins
  8 jackals (D:3)
  2 giant newts (D:3)
  3 kobolds
  4 rats (D:3)
22 creatures vanquished.

Notes
Turn   | Place    | Note
--------------------------------------------------------------
     0 | D:1      | Implojin the Minotaur Fighter began the quest for the Orb.
     0 | D:1      | Reached XP level 1. HP: 19/19 MP: 0/0
    32 | D:2      | Reached skill level 3 in Axes
    50 | D:2      | Found a shimmering altar of Xom.
   133 | D:3      | Reached XP level 2. HP: 23/26 MP: 1/1
   145 | D:3      | Reached skill level 4 in Axes
   218 | D:3      | Found a hide-covered altar of Uskayaw.
   239 | D:4      | Noticed Robin
   243 | D:4      | Slain by a goblin

Vault maps used:
D:1:      minmay_arrival_open_corners
D:2:      lemuel_coloured_pillars_altar
D:3:      old_standard_altar, ecumenical_altar_1, uniq_natasha, uniq_grinder
D:4:      grunt_temple_overflow_open, first_bread, uniq_robin, uniq_pikel,
          uniq_duvessa

Skill      XL: |  1  2 |
---------------+-------+-----
Axes           | 3 4 |  4.1
Fighting       | |  3.6
Armour         | |  3.6
Shields        | |  3.6

Action                   || total
-------------------------++-------
Melee: War axe           ||    29
       Headbutt          ||     6
Armor: Scale mail        ||    17
Dodge: Dodged            ||     9
Block: Shield            ||    19

Table legend:
 A = Turns spent in this place as a percentage of turns spent in the entire game.
 B = Non-inter-level travel turns spent in this place as a percentage of non-inter-level travel turns spent in the entire game.
 C = Inter-level travel turns spent in this place as a percentage of turns spent in this place.
 D = Turns resting spent in this place as a percentage of non-inter-level travel turns spent in this place.
 E = Turns spent auto-exploring this place as a percentage of non-inter-level travel turns spent in this place.
 F = Non-inter-level travel turns spent in this place divided by the number of levels of this place that you've seen.
                   A       B       C       D       E      F
               +-------+-------+-------+-------+-------+----------------------
         Total | 100.0 | 100.0 |   0.0 |   0.0 |   0.0 |  60.2
       Dungeon | 100.0 | 100.0 |   0.0 |   0.0 |   0.0 |  60.2
               +-------+-------+-------+-------+-------+----------------------

Table legend:
 A = Kills in this place as a percentage of kills in entire the game.
 B = Kills by you in this place as a percentage of kills by you in the entire game.
 C = Kills by friends in this place as a percentage of kills by friends in the entire game.
 D = Other kills in this place as a percentage of other kills in the entire game.
 E = Experience gained in this place as a percentage of experience gained in the entire game.
 F = Experience gained in this place divided by the number of levels of this place that you have seen.
                   A       B       C       D       E      F
               +-------+-------+-------+-------+-------+----------------------
         Total | 100.0 | 100.0 |  -nan |  -nan | 100.0 |   9.0
       Dungeon | 100.0 | 100.0 |  -nan |  -nan | 100.0 |   9.0
               +-------+-------+-------+-------+-------+----------------------
